 Dungeon Crawl Stone Soup version 0.28-a0-1506-g3893175d92 (console) character file.

Game seed: 10900934780359949042

3021 jejorda2 the Insei (level 9, -8/71 HPs)
             Began as a Merfolk Transmuter on Jan 13, 2022.
             Was a Believer of Okawaru.
             Mangled by Harold (27 damage)
             ... on level 7 of the Dungeon.
             The game lasted 00:29:55 (7137 turns).

jejorda2 the Insei (Merfolk Transmuter)             Turns: 7137, Time: 00:29:55

Health: -8/71      AC:  6    Str:  9 (12) XL:     9   Next: 85%
Magic:  14/14      EV: 20    Int: 12 (14) God:    Okawaru [**....]
Gold:   391        SH:  0    Dex: 18 (20) Spells: 0/14 levels left

rFire   . . .      SeeInvis .     - Unarmed
rCold   . . .      Faith    .   (shield currently unavailable)
rNeg    . . .      Spirit   .   (armour currently unavailable)
rPois   x          Reflect  .   (helmet currently unavailable)
rElec   .          Harm     .   (cloak currently unavailable)
rCorr   .          Rampage  .   (gloves currently unavailable)
Will    .....                   (boots currently unavailable)
Stlth   +.........              s - amulet of regeneration
HPRegen 1.01/turn               z - +4 ring of protection
MPRegen 0.14/turn               g - ring of wizardry

@: confused, spider-form (expiring), ambrosia-drunk, marked
A: venomous fangs, tiny, (nimble swimmer 2), (mertail)
a: End Transformation, Renounce Religion, Heroism


You were on level 7 of the Dungeon.
You worshipped Okawaru.
Okawaru was pleased with you.
You were a venomous arachnid creature.
You visited 2 branches of the dungeon, and saw 8 of its levels.

You collected 391 gold pieces.

Inventory:

Hand Weapons
 j - a +4 spectral quarterstaff
Missiles
 f - 131 stones
 n - 7 boomerangs
 y - 12 poisoned darts
Armour
 k - a +1 cloak of willpower (melded)
 m - a +0 pair of gloves (melded)
 o - a +0 helmet (melded)
 D - +0 steam dragon scales (melded)
Jewellery
 g - a ring of wizardry (right front leg)
 l - a ring of see invisible
 p - a ring of magical power
 s - an amulet of regeneration (around neck)
 u - a +6 ring of dexterity
 z - a +4 ring of protection (left front leg)
Wands
 i - a wand of flame (13)
 q - a wand of acid (15)
 x - a wand of paralysis (13)
 A - a wand of digging (4)
Scrolls
 a - 2 scrolls of fear
 b - 7 scrolls of teleportation
Potions
 c - 2 potions of attraction {unknown}
 r - a potion of mutation {unknown}
 v - a potion of degeneration
 w - a potion of curing


   Skills:
 + Level 6.9 Fighting
 - Level 2.6 Dodging
 + Level 7.8 Unarmed Combat
 + Level 3.4 Spellcasting
 - Level 6.0 Transmutations
 - Level 4.2 Ice Magic
 + Level 0.2 Air Magic
 - Level 3.0 Poison Magic
 - Level 7.0 Invocations


You couldn't memorise any spells.
You knew the following spells:

 Your Spells              Type           Power      Damage    Failure   Level
a - Beastly Appendage     Tmut           32%        N/A       3%          1
b - Spider Form           Tmut/Pois      12%        N/A       11%         3
c - Ice Form              Ice/Tmut       14%        N/A       22%         4
d - Frozen Ramparts       Ice            24%        1d4       12%         3
S - Swiftness             Air            2%         N/A       41%         3

Your spell library contained the following spells:

 Spells                   Type           Power      Damage    Failure   Level
 Wereblood                Tmut           16%        N/A       4%          2
 Shock                    Conj/Air       8%         1d3       19%         1
 Airstrike                Air            1%         N/A       77%         4
 Leda's Liquefaction      Hex/Erth       1%         N/A       78%         4
 Lee's Rapid Deconstruct  Erth           1%         3d5*      97%         5
 Statue Form              Tmut/Erth      6%         N/A       99%         6
 Summon Ice Beast         Ice/Summ       Unusable   N/A       N/A         4

Dungeon Overview and Level Annotations

Branches:
Dungeon (7/15)             Temple (1/1) D:5

Altars:
Ashenzari
Cheibriados
Dithmenos
Elyvilon
Fedhas
Gozag
Hepliaklqana
Kikubaaqudgha
Makhleb
Nemelex Xobeh
Okawaru
Qazlal
Ru
Sif Muna
Trog
Uskayaw
Vehumet
Wu Jian
Xom
Yredelemnul
Zin
The Shining One

Shops:
D:6 *   D:7 (

Annotations:
D:6 2 transporters, ThrustWizard's ghost, novice DsGl
D:7 Harold


Innate Abilities, Weirdness & Mutations

You are a venomous arachnid creature.
You have poisonous fangs.
You are tiny and dextrous.
Your spellcasting is less reliable in this form.
Your armour is entirely melded.
You are incapable of wielding weapons or throwing items.
((You are very nimble when in or above water. (Stealth+, EV+, Speed+++)))
((Your lower body shifts to a powerful aquatic tail in water.))


Message History

Harold hits you with a +0 battleaxe.
You hit Harold but do no damage.
Harold looks as sick as possible!
Harold is lightly wounded.
Harold completely misses you.
You bite Harold!
Harold looks as sick as possible!
Harold is moderately wounded.
Harold hits you with a +0 battleaxe!!
You bite Harold!
Harold looks as sick as possible!
Harold is heavily wounded.
You bite Harold!
Harold looks as sick as possible!
Harold is heavily wounded.
Your transformation is almost over.
Harold hits you with a +0 battleaxe!
* * * LOW HITPOINT WARNING * * *
You hit Harold.
Harold looks as sick as possible!
Harold is severely wounded.
Harold misses you.
You hit Harold.
Harold is severely wounded.
Harold hits you with a +0 battleaxe!
* * * LOW HITPOINT WARNING * * *
It was a potion of curing.
You feel better. Harold casts a spell at you. The mark upon you grows brighter.
A water moccasin zombie comes into view.
It was a potion of degeneration.
There was something very wrong with that liquid.
You feel weakened.
You feel dopey.
You feel clumsy. Harold misses you.
It was a potion of ambrosia.
You are confused.
You feel invigorated.
Harold points at you and mumbles some strange words.
The mark upon you grows brighter.
You barely miss Harold.
Harold is severely wounded.
Harold hits you with a +0 battleaxe.
* * * LOW HITPOINT WARNING * * *
You bump into the rock wall.
Harold hits you with a +0 battleaxe!!
You die...

### # ##.### .#
##########....# . ..
##.##..#.#....##
...#.
#..#.........##
#....##.(.........##
#..@s..##.......##
#....##Z......###..#
## #.###
#..........#####.
#........######.<
....##.....##.#...
...........##.....
..................
..................
....#..........#.


You could see Harold (extremely poisoned) and a water moccasin zombie.

Vanquished Creatures
  A manticore (D:6)
  Maggie (D:6)
  Grinder (D:6)
  Menkaure (D:6)
  2 water moccasins
  3 ice beasts
  A necrophage (D:2)
  2 sky beasts
  A black bear (D:6)
  2 kobold brigands
  A phantom (D:6)
  A scorpion (D:4)
  2 water moccasin skeletons
  A howler monkey (D:4)
  5 hounds
  2 orc priests
  Crazy Yiuf (D:2)
  A bullfrog skeleton (D:7)
  2 centaur skeletons (D:7)
  Natasha (thrice) (D:3)
  5 orc wizards
  A hound skeleton (D:4)
  A howler monkey zombie (D:5)
  Robin (D:2)
  11 adders
  A white imp (D:7)
  An adder skeleton (D:4)
  2 worms
  17 orcs
  5 ball pythons
  6 endoplasms
  3 giant cockroaches
  16 goblins
  8 hobgoblins
  13 jackals
  9 kobolds
  2 quokkas
  8 bats
  3 rats (D:1)
147 creatures vanquished.

Notes
Turn   | Place    | Note
-------+----------+-------------------------------------------
     0 | D:1      | jejorda2 the Merfolk Transmuter began the quest for the
                  | Orb.
     0 | D:1      | Reached XP level 1. HP: 15/15 MP: 3/3
   390 | D:1      | Reached XP level 2. HP: 20/21 MP: 3/5
   999 | D:1      | Reached XP level 3. HP: 19/27 MP: 4/6
  1352 | D:1      | Reached XP level 4. HP: 25/33 MP: 7/7
  1498 | D:2      | Found a faded altar of an unknown god.
  1499 | D:2      | Noticed Robin
  1767 | D:1      | Learned a level 3 spell: Spider Form
  2305 | D:2      | Found a runed translucent door.
  2306 | D:2      | Noticed Crazy Yiuf
  2312 | D:2      | Killed Crazy Yiuf
  2313 | D:2      | Reached skill level 1 in Poison Magic
  2313 | D:2      | Reached XP level 5. HP: 39/39 MP: 4/8
  2448 | D:3      | Noticed Natasha
  2494 | D:2      | Killed Robin
  2586 | D:3      | Noticed a necrophage
  2598 | D:2      | Reached skill level 5 in Unarmed Combat
  2661 | D:2      | Killed a necrophage
  2662 | D:2      | Reached XP level 6. HP: 28/47 MP: 6/9
  3139 | D:3      | Killed Natasha
  3159 | D:3      | Noticed Natasha
  3254 | D:3      | Killed Natasha
  3288 | D:3      | Noticed Natasha
  3473 | D:3      | Killed Natasha
  3615 | D:3      | Learned a level 4 spell: Ice Form
  4067 | D:4      | Reached skill level 1 in Ice Magic
  4067 | D:4      | Reached XP level 7. HP: 47/52 MP: 6/10
  4297 | D:4      | Reached skill level 5 in Transmutations
  4325 | D:4      | Found a white marble altar of Elyvilon.
  4752 | D:5      | Entered Level 5 of the Dungeon
  5048 | D:5      | Reached XP level 8. HP: 54/60 MP: 7/11
  5127 | D:5      | Found a staircase to the Ecumenical Temple.
  5197 | Temple   | Entered the Ecumenical Temple
  5531 | Temple   | Became a worshipper of Warmaster Okawaru
  5854 | D:6      | Noticed Grinder
  5854 | D:6      | Found Noetuewk's Overcharged Wands.
  5929 | D:6      | Found a transporter.
  5930 | D:6      | Noticed ThrustWizard's ghost (novice DsGl)
  5930 | D:6      | Noticed a vampire
  5949 | D:6      | Reached skill level 1 in Invocations
  6094 | D:5      | Learned a level 3 spell: Frozen Ramparts
  6154 | D:6      | Reached skill level 5 in Fighting
  6196 | D:6      | Noticed Menkaure
  6217 | D:6      | Killed Menkaure
  6217 | D:6      | Reached * piety under Okawaru
  6335 | D:6      | Noticed Maggie
  6354 | D:6      | Killed Maggie
  6355 | D:6      | Reached skill level 5 in Invocations
  6355 | D:6      | Reached XP level 9. HP: 58/69 MP: 7/13
  6369 | D:6      | Reached ** piety under Okawaru
  6443 | D:6      | Paralysed by Grinder for 4 turns
  6450 | D:6      | Killed Grinder
  6590 | D:6      | Found a transporter.
  6672 | D:6      | Noticed a manticore
  6694 | D:6      | Killed a manticore
  6967 | D:6      | Learned a level 3 spell: Swiftness
  6996 | D:7      | Found Ogiaf's Antique Weapon Shoppe.
  7114 | D:7      | Noticed Harold
  7132 | D:7      | HP: 2/71 [Harold (11)]
  7137 | D:7      | Mangled by Harold

Illustrated notes

Levels and vault maps discovered:
D:1:      co_arrival_square_in_a_square_in_a_square, layout_basic,
          minmay_box_of_dots
D:2:      layout_rooms, ebering_ecumenical_altar_abandoned, grunt_ministairs_11,
          uniq_crazy_yiuf_cottage, uniq_robin
D:3:      layout_rooms, minmay_pentangle, uniq_natasha
D:4:      layout_cave_pools, mainiacjoe_overflow_chevrons, corexii_corridor_pit
D:5:      layout_cave_pools, lemuel_temple_firewalk_b
D:6:      minmay_chambers_of_fours, layout_rooms, gammafunk_ghost_arena,
          nicolae_shop_overcharged_wands, uniq_grinder, uniq_maggie,
          uniq_menkaure
D:7:      layout_cave_pools, minmay_shop_grid_forest, hex_tiny, uniq_harold
Temple:   mainiacjoe_temple_circle_huts

Skill      XL: |  1  2  3  4  5  6  7  8  9 |
---------------+----------------------------+-----
Transmutations | 3 4 5 6 |  6.0
Unarmed Combat | 4 5 6 7 |  7.8
Fighting       | 2 3 4 6 |  6.9
Poison Magic   | 1 2 3 |  3.0
Ice Magic      | 1 3 4 |  4.2
Invocations    | 5 7 |  7.0
Spellcasting   | 3 |  3.4
Dodging        | |  2.6
Air Magic      | |  0.2

Action                   |  1- 3 |  4- 6 |  7- 9 || total
-------------------------+-------+-------+-------++-------
Melee: Unarmed           |    90 |   161 |   273 ||   524
       Headbutt          |    10 |     7 |     6 ||    23
       Punch             |     2 |     5 |    11 ||    18
 Cast: Beastly Appendage |    16 |    12 |     6 ||    34
       Spider Form       |       |    12 |    12 ||    24
       Ice Form          |       |       |     7 ||     7
       Frozen Ramparts   |       |       |     3 ||     3
Invok: Heroism           |       |       |     3 ||     3
 Abil: End Transformatio |       |       |     1 ||     1
  Use: Scroll            |       |       |     6 ||     6
       Potion            |       |       |     3 ||     3
 Stab: Sleeping          |     2 |     1 |     1 ||     4
Armor: Robe              |     6 |       |       ||     6
       Leather armour    |    17 |    39 |    38 ||    94
       Skin              |       |     3 |    40 ||    43
       Steam dragon scal |       |       |    11 ||    11
Dodge: Dodged            |    66 |   146 |   172 ||   384

Table legend: (Time is in decaauts)
 A = Elapsed time spent in this place.
 B = Non-inter-level travel time spent in this place.
 C = Inter-level travel time spent in this place.
 D = Time resting spent in this place.
 E = Time spent auto-exploring this place.
 F = Levels seen in this place.
 G = Mean time per level.
                   A        B        C        D        E       F      G
               +--------+--------+--------+--------+--------+-----+--------+
         Total |   7103 |   6680 |    423 |   1625 |   3516 |   8 |  887.9 |
       Dungeon |   6751 |   6375 |    376 |   1625 |   3236 |   7 |  964.4 |
        Temple |    351 |    305 |     46 |      0 |    280 |   1 |  351.0 |
               +--------+--------+--------+--------+--------+-----+--------+

Top non-repeatable levels by time:
     D:1: 1726 daAuts
     D:2: 1515 daAuts
     D:5: 897 daAuts
     D:6: 861 daAuts
     D:3: 789 daAuts
     D:4: 775 daAuts
  Temple: 351 daAuts
     D:7: 186 daAuts
